 Dungeon Crawl Stone Soup version 0.31.0-11-ge490571c62 (webtiles) character file.

Game seed: 8176403228803830750

1204 qw the Skirmisher (level 8, -8/40 HPs)
             Began as a Spriggan Hunter on Feb 3, 2024.
             Was an Initiate of Okawaru.
             Mangled by a troll (14 damage)
             ... on level 6 of the Dungeon.
             The game lasted 00:01:20 (3525 turns).

qw the Skirmisher (Spriggan Hunter)                 Turns: 3525, Time: 00:01:21

Health: -8/40      AC:  2    Str:  7    XL:     8   Next: 21%
Magic:  9/9        EV: 29    Int: 10    God:    Okawaru [......]
Gold:   24         SH:  0    Dex: 21    Spells: 7/7 levels left

rFire   . . .        a - +0 shortbow
rCold   . . .        (shield currently unavailable)
rNeg    . . .        c - +0 robe
rPois   .            (helmet restricted)
rElec   .            (no cloak)
rCorr   .            (gloves unavailable)
SInv    +            (boots unavailable)
Will    +....        b - amulet of regeneration
Stlth   ++           (no ring)
HPRegen 1.06/turn    (no ring)
MPRegen 0.11/turn

%: no passive effects
@: very quick
A: very small, no large weapons, unfitting armour, see invisible, speed 3
a: Renounce Religion


You were on level 6 of the Dungeon.
You worshipped Okawaru.
Okawaru was noncommittal.
You visited 2 branches of the dungeon, and saw 7 of its levels.

You collected 213 gold pieces.
You spent 189 gold pieces at shops.


Innate Abilities, Weirdness & Mutations

You are very small and have problems with some larger weapons.
You are too small for most types of armour.
You have supernaturally acute eyesight. (SInv)
You cover ground extremely quickly. (Speed+++)


   Skills:
 + Level 3.4 Fighting
 - Level 13.0 Ranged Weapons
 - Level 12.9 Dodging
 - Level 1.5 Stealth


You had 7 spell levels left.
You didn't know any spells.
Your spell library was empty.

Inventory:

Hand Weapons
 a - a +0 shortbow (weapon)
Armour
 c - a +0 robe (worn)
Jewellery
 b - an amulet of regeneration (around neck)
 k - a ring of ice
Wands
 g - a wand of roots (8)
Scrolls
 f - 2 scrolls of enchant armour
 j - 3 scrolls of identify
 l - a scroll of enchant weapon {unknown}
Potions
 d - a potion of berserk rage {unknown}
 e - a potion of curing {unknown}
 h - a potion of haste {unknown}
 i - a potion of lignification {unknown}

Dungeon Overview and Level Annotations

Branches:
Dungeon (6/15)             Temple (1/1) D:5

Altars:
Ashenzari
Cheibriados
Fedhas
Hepliaklqana
Kikubaaqudgha
Makhleb
Okawaru
Ru
Trog
Uskayaw
Vehumet
Wu Jian
Xom
Yredelemnul
Zin

Shops:
D:5 ?

Annotations:
D:4 2 transporters, qw's ghost, amateur DEHu


Message History

The troll shouts!
You shoot an arrow. The arrow hits the white imp!
The white imp is almost dead.
You shoot an arrow. The arrow hits the white imp.
The white imp is almost dead.
The white imp gestures at you. The puff of frost misses you.
You shoot an arrow. The arrow barely misses the white imp.
An orc comes into view. It is wielding a +0 war axe.
The white imp hits you. The white imp freezes you.
You shoot an arrow. The arrow barely misses the white imp.
The arrow hits the troll.
The troll is lightly wounded.
The white imp completely misses you.
You shoot an arrow.
The arrow completely misses the white imp.
The arrow barely misses the troll.
You shoot an arrow. The arrow hits the white imp!
You kill the white imp!
Okawaru accepts your kill.
You shoot an arrow. The arrow barely misses the troll.
The troll completely misses you. The troll claws you! The troll misses you.
You shoot an arrow. The arrow barely misses the troll.
The troll bites you. The troll barely misses you. The troll misses you.
You shoot an arrow. The arrow hits the troll.
The troll is lightly wounded.
You shoot an arrow. The arrow hits the troll.
The troll is lightly wounded.
The troll bites you! The troll closely misses you.
The troll claws you but does no damage.
You shoot an arrow. The arrow hits the troll!
The troll is moderately wounded.
The troll bites you but does no damage. The troll claws you.
The troll completely misses you.
You shoot an arrow. The arrow hits the troll.
The troll is heavily wounded.
You shoot an arrow. The arrow closely misses the troll.
The arrow hits the orc.
The orc is severely wounded.
The troll barely misses you. The troll claws you!
You die...

#......###.#
#..# #.#...##
#.##########..##
#>##.##
#...............
####.#
################
#.# ###.#####
#.......#
#...###.# ##..#
#@# #...# #T#
##... .o.
#..#.#.##
#.##.#.# .. .
... ## ###


You could see a troll and an orc.

Vanquished Creatures
  A water moccasin (D:5)
  A phantom (D:5)
  2 jellies
  2 bombardier beetles (D:5)
  2 hounds (D:5)
  2 orc priests
  An iguana (D:5)
  Robin (D:4)
  6 gnolls
  3 adders
  A shadow imp (D:6)
  A white imp (D:6)
  3 dart slugs
  A ribbon worm (D:4)
  10 orcs
  6 ball pythons
  4 bats
  8 endoplasms
  3 giant cockroaches
  15 goblins
  6 hobgoblins
  6 jackals (D:2)
  11 kobolds
  2 quokkas (D:3)
  6 frilled lizards
  7 rats
111 creatures vanquished.

Notes
Turn   | Place    | Note
-------+----------+-------------------------------------------
     0 | D:1      | qw the Spriggan Hunter began the quest for the Orb.
     0 | D:1      | Reached XP level 1. HP: 10/10 MP: 2/2
     0 | D:1      | 0 ||| qw: Version: 0.3-a-155-g5e7d8dd
     0 | D:1      | 0 ||| qw: Game counter: 3314
     0 | D:1      | 0 ||| qw: Melee chars always use a shield: true
     0 | D:1      | 0 ||| qw: God list: Okawaru
     0 | D:1      | 0 ||| qw: Allow faded altars: false
     0 | D:1      | 0 ||| qw: Do Orc after clearing Dungeon:15 true
     0 | D:1      | 0 ||| qw: Do second Lair branch before Depths: true
     0 | D:1      | 0 ||| qw: Lair rune preference: random
     0 | D:1      | 0 ||| qw: Goals: Normal
     0 | D:1      | 0 ||| PLANNING D:1-11
    42 | D:1      | Reached skill level 3 in Dodging
   189 | D:1      | Reached XP level 2. HP: 14/14 MP: 3/3
   610 | D:1      | Reached XP level 3. HP: 18/18 MP: 4/4
   856 | D:1      | 856 ||| READING scroll labelled OPHEUG PEESH.
   859 | D:1      | 859 ||| DRINKING 2 clear potions.
   860 | D:1      | 860 ||| DROPPING scroll of butterflies.
   861 | D:1      | 861 ||| DROPPING potion of brilliance.
   935 | D:2      | Found a faded altar of an unknown god.
  1311 | D:2      | Found a bloodstained altar of Trog.
  1358 | D:2      | Reached skill level 5 in Ranged Weapons
  1513 | D:2      | 1513 ||| READING 2 scrolls labelled QIEMACL NIMAE.
  1514 | D:2      | 1514 ||| READING 3 scrolls labelled XUH PYPEAKKAER.
  1515 | D:2      | 1515 ||| READING scroll labelled PERIKE JOIL.
  1515 | D:2      | 1515 ||| IDENTIFYING fizzy yellow potion
  1516 | D:2      | 1516 ||| DROPPING scroll of fear.
  1517 | D:2      | 1517 ||| DROPPING 2 scrolls of amnesia.
  1681 | D:3      | 1681 ||| FLEEEEING.
  1682 | D:3      | 1682 ||| FLEEEEING.
  1683 | D:3      | 1683 ||| FLEEEEING.
  1684 | D:3      | 1684 ||| FLEEEEING.
  1685 | D:3      | 1685 ||| FLEEEEING.
  1687 | D:3      | 1687 ||| FLEEEEING.
  1690 | D:3      | 1690 ||| FLEEEEING.
  1691 | D:3      | 1691 ||| FLEEEEING.
  1692 | D:3      | 1692 ||| FLEEEEING.
  1693 | D:3      | 1693 ||| FLEEEEING.
  1694 | D:3      | 1694 ||| FLEEEEING.
  1695 | D:3      | 1695 ||| FLEEEEING.
  1696 | D:3      | 1696 ||| FLEEEEING.
  1697 | D:3      | 1697 ||| FLEEEEING.
  1698 | D:3      | 1698 ||| FLEEEEING.
  1699 | D:3      | 1699 ||| FLEEEEING.
  1700 | D:3      | 1700 ||| FLEEEEING.
  1701 | D:3      | 1701 ||| FLEEEEING.
  1702 | D:3      | 1702 ||| FLEEEEING.
  1703 | D:3      | 1703 ||| FLEEEEING.
  1704 | D:3      | 1704 ||| STAIRDANCE
  1708 | D:2      | 1708 ||| READING scroll labelled PICONO KYTULO.
  1708 | D:2      | 1708 ||| ENCHANTING +0 shortbow.
  1714 | D:3      | Reached XP level 4. HP: 22/22 MP: 5/5
  2007 | D:3      | 2007 ||| READING scroll of identify.
  2007 | D:3      | 2007 ||| IDENTIFYING white potion
  2008 | D:3      | 2008 ||| DROPPING potion of invisibility.
  2045 | D:4      | Noticed Robin
  2047 | D:4      | 2047 ||| FLEEEEING.
  2048 | D:4      | 2048 ||| FLEEEEING.
  2049 | D:4      | 2049 ||| FLEEEEING.
  2053 | D:4      | 2053 ||| FLEEEEING.
  2070 | D:4      | Killed Robin
  2073 | D:4      | HP: 5/23 [goblin/+0 club[Robin] (2)]
  2074 | D:4      | 2074 ||| DRINKING potion of heal wounds.
  2240 | D:4      | Reached XP level 5. HP: 26/26 MP: 6/6
  2246 | D:4      | Found a transporter.
  2292 | D:4      | Noticed qw's ghost (amateur DEHu)
  2316 | D:4      | Found a transporter.
  2450 | D:4      | 2450 ||| FLEEEEING.
  2451 | D:4      | 2451 ||| FLEEEEING.
  2452 | D:4      | 2452 ||| FLEEEEING.
  2571 | D:4      | Found a blossoming altar of Fedhas.
  2657 | D:4      | 2657 ||| RETREEEEATING.
  2658 | D:4      | 2658 ||| RETREEEEATING.
  2659 | D:4      | 2659 ||| RETREEEEATING.
  2660 | D:4      | 2660 ||| UPGRADING to amulet of regeneration.
  2666 | D:4      | 2666 ||| READING scroll of identify.
  2666 | D:4      | 2666 ||| IDENTIFYING bubbling white potion
  2673 | D:4      | 2673 ||| READING scroll labelled HAOHIU PATZ.
  2674 | D:4      | 2674 ||| DRINKING 2 ruby potions.
  2674 | D:4      | Reached skill level 13 in Ranged Weapons
  2674 | D:4      | Reached XP level 6. HP: 30/30 MP: 7/7
  2675 | D:4      | 2675 ||| DRINKING potion of experience.
  2675 | D:4      | Reached skill level 12 in Dodging
  2675 | D:4      | Reached XP level 7. HP: 35/35 MP: 8/8
  2676 | D:4      | 2676 ||| DROPPING potion of attraction.
  2697 | D:5      | Entered Level 5 of the Dungeon
  2979 | D:5      | Reached skill level 3 in Fighting
  2982 | D:5      | Reached XP level 8. HP: 40/40 MP: 9/9
  3135 | D:5      | Found a staircase to the Ecumenical Temple.
  3136 | D:5      | 3136 ||| PLANNING TEMPLE
  3136 | D:5      | 3136 ||| READING scroll labelled QOXTEMUOSO.
  3138 | D:5      | 3138 ||| Stepping ~*~*~tactically~*~*~ (cloud).
  3155 | D:5      | 3155 ||| Stepping ~*~*~tactically~*~*~ (cloud).
  3177 | Temple   | Entered the Ecumenical Temple
  3178 | Temple   | 3178 ||| PLANNING OKAWARU WORSHIP
  3220 | Temple   | Became a worshipper of Warmaster Okawaru
  3221 | Temple   | 3221 ||| PLANNING D:1-11
  3353 | D:5      | Found Wiguof's Magic Scroll Emporium.
  3356 | D:5      | 3356 ||| BUYING 2 scrolls of identify (56 gold).
  3356 | D:5      | Bought 2 scrolls of identify for 56 gold pieces
  3356 | D:5      | 3356 ||| BUYING scroll of enchant armour (105 gold).
  3356 | D:5      | Bought a scroll of enchant armour for 105 gold pieces
  3356 | D:5      | 3356 ||| BUYING scroll of identify (28 gold).
  3356 | D:5      | Bought a scroll of identify for 28 gold pieces
  3356 | D:5      | 3356 ||| SHOPLISTING scroll of identify (28 gold, have 15).
  3356 | D:5      | 3356 ||| SHOPLISTING scroll of teleportation (42 gold, have
                  | 15).
  3448 | D:6      | Found an ornate altar of the Wu Jian Council.
  3511 | D:6      | Noticed a troll
  3522 | D:6      | HP: 8/40 [troll (17)]
  3525 | D:6      | Mangled by a troll

Levels and vault maps discovered:
D:1:      evilmike_arrival_grusome_pit, layout_loops_ring
D:2:      layout_loops_ring, basic_altar,
          shapermc_ecumenical_altar_mp_ritualfount
D:3:      layout_rooms
D:4:      layout_cave_pools, fedhas_altar_decomposition,
          gammafunk_ghost_gnarly_gnolls, st_stairs_6, uniq_robin
D:5:      nicolae_cairo_tiling_large, layout_rooms, temple_hall, serial_shops,
          kennysheep_mini_moat
D:6:      layout_loops_ring, kennysheep_mini, nicolae_nh_ransacked_shop,
          uniq_grinder, uniq_jeremiah, uniq_menkaure, uniq_crazy_yiuf_cottage
Temple:   minmay_temple_forest_path

Skill      XL: |  1  2  3  4  5  6  7 |
---------------+----------------------+-----
Dodging        | 3 4 5 12 | 12.9
Ranged Weapons | 5 13 | 13.0
Fighting       | 2 3 |  3.4
Stealth        | |  1.5

Action                     |  1- 3 |  4- 6 |  7- 9 || total
---------------------------+-------+-------+-------++-------
   Fire: Shortbow          |   137 |   114 |   120 ||   371
    Use: Scroll            |     5 |     3 |     1 ||     9
         Potion            |     1 |     3 |       ||     4
 Armour: Robe              |    26 |    27 |    15 ||    68
  Dodge: Dodged            |    55 |    65 |    35 ||   155

Table legend:
 A = Non-vault XP
 B = Vault XP
 C = Vault XP percentage of total XP
 D = Non-vault monster count
 E = Vault monster count
 F = Vault count percentage of total count
                 A         B        C        D         E       F
            +---------+---------+-------+---------+---------+-------
      Total |     958 |      38 |   3.8 |      99 |      12 |  10.8
            +---------+---------+-------+---------+---------+-------
        D:1 |      44 |       0 |   0.0 |      25 |       0 |   0.0
        D:2 |      41 |       0 |   0.0 |      25 |       0 |   0.0
        D:3 |      62 |       0 |   0.0 |      13 |       0 |   0.0
        D:4 |      79 |      38 |  32.5 |      14 |      12 |  46.2
        D:5 |     654 |       0 |   0.0 |      18 |       0 |   0.0
        D:6 |      78 |       0 |   0.0 |       4 |       0 |   0.0
            +---------+---------+-------+---------+---------+-------
